 Dungeon Crawl Stone Soup version 0.27-a0-1301-g128193abf8 (webtiles) character file.

Game seed: 15639610767770961321

1280 bilbop the Skirmisher (level 8, -9/71 HPs)
             Began as a Hill Orc Fighter on June 18, 2021.
             Blown up by Pikel (16 damage)
             ... with a mindburst bolt
             ... on level 5 of the Dungeon.
             The game lasted 00:21:33 (5892 turns).

bilbop the Skirmisher (Hill Orc Fighter)            Turns: 5892, Time: 00:21:34

Health: -9/71      AC: 17    Str: 20    XL:     8   Next: 54%
Magic:  12/12      EV:  4    Int:  8    God:
Gold:   215        SH: 10    Dex: 11    Spells: 7/7 levels left

rFire    . . .     SeeInvis .   a - +0 war axe
rCold    . . .     Faith    .   c - +0 kite shield
rNeg     . . .     Spirit   .   A - +0 plate armour
rPois    .         Reflect  .   (no helmet)
rElec    .         Harm     .   (no cloak)
rCorr    .         Rampage  .   z - +0 pair of gloves
Will     +....                  (no boots)
Stlth    ..........             (no amulet)
HPRegen  0.21/turn              m - ring of willpower
MPRegen  0.13/turn              o - +4 ring of protection

@: no status effects
A: no striking features
a: no special abilities


You were on level 5 of the Dungeon.
You visited 1 branch of the dungeon, and saw 6 of its levels.

You collected 215 gold pieces.

Inventory:

Hand Weapons
 a - a +0 war axe (weapon)
 b - a +0 hunting sling
Missiles
 y - 49 bolts
 D - 5 atropa-tipped darts (quivered)
Armour
 c - a +0 kite shield (worn)
 j - a +0 scale mail
 s - a +1 ring mail of fire resistance
 w - a +1 leather armour of poison resistance
 z - a +0 pair of gloves (worn)
 A - a +0 plate armour (worn)
Jewellery
 g - a +4 ring of evasion
 m - a ring of willpower (left hand)
 o - a +4 ring of protection (right hand)
 v - a +6 ring of strength
 C - a ring of poison resistance
Wands
 B - a wand of digging (4)
Scrolls
 e - 3 scrolls of identify {unknown}
 h - 2 scrolls of enchant armour {unknown}
 i - a scroll of acquirement {unknown}
 k - 2 scrolls of fear {unknown}
 n - 2 scrolls of magic mapping {unknown}
 r - a scroll of summoning {unknown}
 t - a scroll of noise {unknown}
 u - a scroll of blinking {unknown}
 E - a scroll of teleportation {unknown}
Potions
 d - 2 potions of might
 f - a potion of mutation {unknown}
 l - 3 potions of lignification {unknown}
 p - 3 potions of curing {unknown}
 q - 2 potions of heal wounds
 x - a potion of magic {unknown}


   Skills:
 + Level 6.3 Fighting
 + Level 6.1 Axes
 + Level 2.1 Slings
 + Level 5.7 Armour
 + Level 5.8 Shields
 + Level 5.3 Invocations


You had 7 spell levels left.
You didn't know any spells.
Your spell library contained the following spells:

 Spells                   Type           Power      Damage    Failure   Level
 Sandblast                Erth           0%         2d4       100%        1
 Passwall                 Tmut/Erth      0%         N/A       100%        2
 Confusing Touch          Hex            0%         N/A       100%        3
 Gell's Gravitas          Tloc           0%         N/A       100%        3
 Stone Arrow              Conj/Erth      0%         3d7       100%        3
 Petrify                  Tmut/Erth      0%         N/A       100%        4
 Lee's Rapid Deconstruct  Erth           0%         3d5*      100%        5
 Metabolic Englaciation   Hex/Ice        0%         N/A       100%        5
 Yara's Violent Unravell  Hex/Tmut       0%         3d3       100%        5


Dungeon Overview and Level Annotations

Branches:
Dungeon (6/15)             Temple (0/1) D:4

Altars:
Cheibriados

Shops:
D:1 (

Annotations:
D:5 Pikel


Message History

There is a stone staircase leading up here.
Pikel zaps a wand.
You resist with some effort. You block the lemure's attack.
You climb upwards.
The lemure hits you but does no damage. You block the lemure's attack.
There is a stone staircase leading down here.
Pikel hits you with a +2 whip of freezing.
* * * LOW HITPOINT WARNING * * *
Pikel freezes you.
* * * LOW HITPOINT WARNING * * *
The lemure barely misses you. The lemure hits you but does no damage.
You climb downwards.
You hear the sound of rushing water.
There is an entrance to a sewer on this level.
Hurry and find it before the portal rusts away! 2 gnolls come into view.
The gnoll shouts! x2
There is a stone staircase leading up here.
Your shield and plate armour prevent you from hitting Pikel.
Pikel is lightly wounded.
You hit the lemure but do no damage. You closely miss the lemure.
Pikel hits you but does no damage. You block the lemure's attack.
The lemure hits you but does no damage. Pikel hits you but does no damage.
You block the lemure's attack. The lemure hits you but does no damage.
Pikel hits you with a +2 whip of freezing.
* * * LOW HITPOINT WARNING * * *
Pikel freezes you.
* * * LOW HITPOINT WARNING * * *
You climb upwards.
There is a stone staircase leading down here.
You closely miss Pikel.
Pikel is lightly wounded.
You hit the lemure but do no damage. You slash the lemure! The lemure hits you.
* * * LOW HITPOINT WARNING * * *
The lemure hits you but does no damage. Pikel hits you but does no damage.
You block the lemure's attack.
You hit Pikel.
Pikel is lightly wounded.
You hit the lemure. You closely miss the lemure.
The lemure hits you but does no damage.
Pikel zaps a wand.
Your mind is blasted!
You die...

# ##..##
##..##.....## ##
####...# #...#...[##
##. .##...##
##........######..
.....##
##..........##...
......##
#..............#
.###...##
#....#........## .#
##...###
###...########..# .#
##....## ###5....###
#### .#
###...###..@5#....##
##
##......K####....##
## ##.....## ##....#
.# ##....### ######
.# ##.....## .#
##.......#
.#####....#...#
..##....####..#
......### #..##


You could see Pikel and 2 lemures.

Vanquished Creatures
  Grinder (D:4)
  Prince Ribbit (D:5)
  Eustachio (D:5)
  Edmund (D:4)
  A black bear (D:5)
  2 ogres (D:5)
  2 lemures (D:5)
  A phantom (D:5)
  Blork the orc (D:5)
  A scorpion (D:3)
  A hound (D:4)
  Ijyb (D:3)
  An iguana (D:5)
  An adder (D:4)
  2 white imps (D:5)
  An adder skeleton (D:4)
  2 worms (D:2)
  A dart slug (D:2)
  An orc (D:3)
  6 ball pythons
  5 endoplasms
  9 giant cockroaches
  10 hobgoblins
  4 jackals (D:3)
  3 quokkas (D:1)
  3 bats
  8 frilled lizards
  5 goblins
  5 kobolds
  4 rats
85 creatures vanquished.

Notes
Turn   | Place    | Note
-------+----------+-------------------------------------------
     0 | D:1      | bilbop the Hill Orc Fighter began the quest for the Orb.
     0 | D:1      | Reached XP level 1. HP: 19/19 MP: 1/1
    24 | D:1      | Found a faded altar of an unknown god.
   247 | D:1      | Found Muniq's Antique Weapon Boutique.
   285 | D:1      | Reached XP level 2. HP: 13/27 MP: 2/2
   644 | D:1      | Reached skill level 1 in Invocations
  1402 | D:2      | Reached XP level 3. HP: 31/33 MP: 3/3
  2190 | D:3      | Reached XP level 4. HP: 37/40 MP: 5/5
  2266 | D:3      | Noticed Ijyb
  2298 | D:3      | Killed Ijyb
  2702 | D:3      | Noticed a scorpion
  2718 | D:3      | Killed a scorpion
  2719 | D:3      | Reached XP level 5. HP: 23/47 MP: 6/6
  3058 | D:4      | Noticed Grinder
  3060 | D:4      | Paralysed by Grinder for 3 turns
  3089 | D:4      | Paralysed by Grinder for 5 turns
  3093 | D:4      | HP: 1/47 [Grinder (6)]
  3094 | D:4      | Killed Grinder
  3095 | D:4      | Reached skill level 5 in Fighting
  3095 | D:4      | Reached XP level 6. HP: 1/56 MP: 6/8
  3471 | D:4      | Found a staircase to the Ecumenical Temple.
  3641 | D:4      | Noticed Edmund
  3666 | D:4      | Killed Edmund
  3667 | D:4      | Reached skill level 5 in Axes
  3667 | D:4      | Reached XP level 7. HP: 10/61 MP: 8/10
  3995 | D:4      | Found a snail-covered altar of Cheibriados.
  4308 | D:5      | Entered Level 5 of the Dungeon
  4357 | D:5      | Reached skill level 5 in Armour
  4357 | D:5      | Reached skill level 5 in Shields
  4680 | D:5      | Noticed Blork the orc
  4688 | D:5      | Killed Blork the orc
  4735 | D:5      | Reached skill level 1 in Slings
  4951 | D:5      | Noticed Prince Ribbit
  4975 | D:5      | Killed Prince Ribbit
  4976 | D:5      | Reached XP level 8. HP: 49/70 MP: 11/11
  5106 | D:5      | Reached skill level 5 in Invocations
  5310 | D:5      | Noticed Eustachio
  5339 | D:5      | Killed Eustachio
  5513 | D:5      | Noticed Pikel
  5892 | D:5      | Blown up by Pikel

Illustrated notes

Levels and vault maps discovered:
D:1:      lordsloth_arrival_two_stooges, layout_basic, serial_shops,
          nicolae_square_shop, chequers_ecumenical_altar_island,
          minmay_misc_feat_nine_boxes
D:2:      minmay_wonky_spiral, layout_rooms
D:3:      layout_rooms, uniq_ijyb
D:4:      layout_gridville, lemuel_doored_altar,
          minmay_temple_entry_stoned_glass, uniq_edmund, uniq_grinder
D:5:      layout_layer_cave, nicolae_tso_swordbearing_angel,
          uniq_prince_ribbit1, uniq_blork_the_orc, uniq_pikel, uniq_eustachio
D:6:      layout_gridville, gammafunk_temple_overflow_forgotten,
          portal_sewer_entry_c

Skill      XL: |  1  2  3  4  5  6  7  8 |
---------------+-------------------------+-----
Axes           | 3 4 5 6 |  6.1
Invocations    | 1 2 3 4 5 |  5.3
Fighting       | 4 5 6 |  6.3
Armour         | 4 5 |  5.7
Shields        | 4 5 |  5.8
Slings         | 1 2 |  2.1

Action                   |  1- 3 |  4- 6 |  7- 9 || total
-------------------------+-------+-------+-------++-------
Melee: War axe           |   145 |   117 |   113 ||   375
Throw: Dart              |       |       |     8 ||     8
  Use: Potion            |       |     1 |       ||     1
Armor: Scale mail        |    58 |    17 |       ||    75
       Ring mail         |       |    30 |       ||    30
       Plate armour      |       |       |   105 ||   105
Dodge: Dodged            |    56 |    32 |    30 ||   118
Block: Kite shield       |    72 |    57 |    81 ||   210

Table legend: (Time is in decaauts)
 A = Elapsed time spent in this place.
 B = Non-inter-level travel time spent in this place.
 C = Inter-level travel time spent in this place.
 D = Time resting spent in this place.
 E = Time spent auto-exploring this place.
 F = Levels seen in this place.
 G = Mean time per level.
                   A        B        C        D        E       F      G
               +--------+--------+--------+--------+--------+-----+--------+
         Total |   6082 |   5919 |    163 |   1260 |   3683 |   6 | 1013.7 |
       Dungeon |   6082 |   5919 |    163 |   1260 |   3683 |   6 | 1013.7 |
               +--------+--------+--------+--------+--------+-----+--------+

Top non-repeatable levels by time:
     D:5: 1624 daAuts
     D:1: 1445 daAuts
     D:4: 1319 daAuts
     D:3: 865 daAuts
     D:2: 822 daAuts
     D:6: 5 daAuts
